 Dungeon Crawl Stone Soup version 0.25.1-2-g60ff931df9 (webtiles) character file.

Game seed: 13290841683293257462

22 Kold the Insei (level 2, 0/18 HPs)
             Began as an Octopode Transmuter on Aug 14, 2020.
             Slain by a bat (1 damage)
             ... on level 1 of the Dungeon.
             The game lasted 00:01:51 (640 turns).

Kold the Insei (Octopode Transmuter)                 Turns: 640, Time: 00:01:52

Health: 0/18       AC:  1    Str:  9    XL:     2   Next: 91%
Magic:  4/5        EV: 13    Int: 15    God:
Gold:   47         SH:  0    Dex: 12    Spells: 4/5 levels left

rFire    . . .     SeeInvis .     - Unarmed
rCold    . . .     Gourm    .   (no shield)
rNeg     . . .     Faith    .   (helmet restricted)
rPois    .         Spirit   .   (no amulet)
rElec    .         Reflect  .   (no ring)
rCorr    .         Harm     .   (no ring)
MR       .....                  (no ring)
Stlth    ++........             (no ring)
HPRegen  0.06/turn              (no ring)
MPRegen  0.09/turn              (no ring)
                                (no ring)
                                (no ring)

@: appendage (expiring), very slightly contaminated, invisible
A: almost no armour, stealthy swim, amphibious, 8 rings, constrict 8, tentacle
spike 3, camouflage 1, gelatinous body 1
a: End Transformation


You were on level 1 of the Dungeon.
You were not hungry.
One of your tentacles had a temporary spike.
You visited 1 branch of the dungeon, and saw 1 of its levels.

You collected 47 gold pieces.

Inventory:

Missiles
 a - 12 arrows
Scrolls
 g - a scroll of fog {unknown}
 h - a scroll of remove curse {unknown}
Potions
 b - a potion of mutation {unknown}
 e - a potion of berserk rage {unknown}
Comestibles
 c - 3 rations
 d - 7 chunks of flesh


   Skills:
 - Level 1.0 Fighting
 - Level 2.0 Dodging
 + Level 3.5 Unarmed Combat
 - Level 2.0 Spellcasting
 + Level 2.7 Transmutations


You had 4 spell levels left.
You knew the following spells:

 Your Spells              Type           Power        Failure   Level  Hunger
a - Beastly Appendage     Tmut           #.....       8%          1    #......

Your spell library contained the following spells:

 Spells                   Type           Power        Failure   Level  Hunger
 Sticks to Snakes         Tmut           #.......     11%         2    ###....
 Magic Dart               Conj           #...         22%         1    #......
 Blink                    Tloc           N/A          32%         2    ###....
 Call Imp                 Summ           #.......     32%         2    ###....
 Slow                     Hex            #.......     32%         2    ###....
 Spider Form              Tmut/Pois      #.........   36%         3    ###....
 Conjure Flame            Conj/Fire      #.......     54%         3    ###....
 Mephitic Cloud           Conj/Pois/Air  #.......     54%         3    ###....
 Ice Form                 Ice/Tmut       #.......     77%         4    #####..
 Blade Hands              Tmut           #.........   90%         5    ######.


Dungeon Overview and Level Annotations

Branches:
Dungeon (1/15)

Altars:


Innate Abilities, Weirdness & Mutations

You cannot wear most types of armour.
You are very stealthy in the water. (Stealth+)
You are amphibious.
You can wear up to eight rings at the same time.
You can use your tentacles to constrict eight enemies at once.
Your skin changes colour to match your surroundings (Stealth+).
Your rubbery body absorbs attacks. (AC +1, EV +1)
One of your tentacles bears a large vicious spike.


Message History

* * * LOW HITPOINT WARNING * * *
You tentacle-slap the goblin.
You kill the goblin!
The bat hits you but does no damage.
You tentacle-slap the bat. Your grab misses the bat.
The bat is severely wounded.
Your transformation is almost over.
The bat hits you.
* * * LOW HITPOINT WARNING * * *
It was a potion of invisibility.
You fade into invisibility!
The goblin closely misses you. The bat barely misses you.
You are very lightly contaminated with residual magic.
You catch the helpless goblin completely off-guard!
You tentacle-slap the goblin. You grab the goblin.
You pierce the goblin, but do no damage.
The goblin is moderately wounded.
You constrict the goblin. The bat hits you but does no damage.
The bat hits you.
You die...

.....####..#...........
#...###................
#..# #...........###.#
#.# #....$..##...# #
#.......##...##.###
#.......##.........
#.......##.........
#.......#.b()......
.... #.@g.......
#..†....... #.....?....
#.......... ##.........
##........ #########


You could see a goblin and a bat.

Vanquished Creatures
  A dart slug (D:1)
  A giant cockroach (D:1)
  2 goblins (D:1)
  3 hobgoblins (D:1)
  3 jackals (D:1)
  A bat (D:1)
  3 frilled lizards (D:1)
  5 kobolds (D:1)
19 creatures vanquished.

Notes
Turn   | Place    | Note
-------+----------+-------------------------------------------
     0 | D:1      | Kold the Octopode Transmuter began the quest for the Orb.
     0 | D:1      | Reached XP level 1. HP: 13/13 MP: 3/3
   249 | D:1      | Reached XP level 2. HP: 15/18 MP: 5/5
   640 | D:1      | Slain by a bat

Illustrated notes

Levels and vault maps discovered:
D:1:      scummos_arrival_hexagon, layout_rooms, dk_noncrumbling_3

Action                   || total
-------------------------++-------
Melee: Unarmed           ||    37
       Constrict         ||    16
       Tentacles         ||     5
       Kick              ||     9
 Cast: Beastly Appendage ||     9
  Use: Potion            ||     1
 Stab: Invisible         ||     1
       Sleeping          ||     1
Armor: Skin              ||     6
Dodge: Dodged            ||    32
